 Dungeon Crawl Stone Soup version 0.26-a0-845-gfacbca91cf (webtiles) character file.

Game seed: 4134805295855635307

1017 2tc the Cleaver (level 8, 0/57 HPs)
             Began as a Hill Orc Monk on Nov 19, 2020.
             Succumbed to a water moccasin's poison
             ... on level 5 of the Dungeon.
             The game lasted 00:12:19 (4768 turns).

2tc the Cleaver (Hill Orc Monk)                     Turns: 4768, Time: 00:12:20

Health: 0/57       AC:  5    Str: 15    XL:     8   Next: 22%
Magic:  8/8        EV: 12    Int: 11    God:
Gold:   234        SH:  5    Dex: 13    Spells: 7/7 levels left

rFire    . . .     SeeInvis .   m - +2 hand axe (venom)
rCold    + . .     Faith    .   (no shield)
rNeg     + . .     Spirit   .   j - +0 leather armour
rPois    .         Reflect  +   (no helmet)
rElec    .         Harm     .   l - +0 cloak
rCorr    .         Rampage  .   c - +0 pair of gloves
MR       +....                  (no boots)
Stlth    ++........             i - amulet of reflection
HPRegen  0.19/turn              h - ring of positive energy
MPRegen  0.11/turn              n - ring of protection from magic

@: lethally poisoned (0 -> -7)
A: cold resistance 1, frail 1, wild magic 1
a: no special abilities


You were on level 5 of the Dungeon.
You visited 1 branch of the dungeon, and saw 5 of its levels.

You collected 234 gold pieces.

Inventory:

Hand Weapons
 a - a +0 hand axe
 m - a +2 hand axe of venom (weapon)
Missiles
 f - 135 stones (quivered)
Armour
 c - a +0 pair of gloves (worn)
 j - a +0 leather armour (worn)
 l - a +0 cloak (worn)
Jewellery
 d - an uncursed ring of ice
 h - a ring of positive energy (left hand)
 i - an amulet of reflection (around neck)
 n - a ring of protection from magic (right hand)
Wands
 o - a wand of polymorph (9)
 q - a wand of random effects (32)
Scrolls
 b - 2 scrolls of enchant armour
 g - a scroll of amnesia
 r - 2 scrolls of remove curse
Potions
 e - a potion of flight


   Skills:
 - Level 3.6 Fighting
 + Level 12.4 Axes
 - Level 2.4 Dodging
 - Level 1.5 Stealth


You had 7 spell levels left.
You didn't know any spells.
Your spell library was empty.

Dungeon Overview and Level Annotations

Branches:
Dungeon (5/15)
 Temple: D:4-7

Altars:
Dithmenos
Uskayaw
Wu Jian
Yredelemnul

Annotations:
D:3 1 runed translucent door, Crazy Yiuf
D:5 Menkaure


Innate Abilities, Weirdness & Mutations

Your flesh is cold resistant. (rC+)
You are frail. (-10% HP)
Your spells are a little harder to cast, but a little more powerful.


Message History

Found a scroll of fear and 10 poisoned darts.
* * * LOW HITPOINT WARNING * * *
You feel sick.
Found a leather armour.
There is a stone staircase leading up here.
* * * LOW HITPOINT WARNING * * *
You feel sick.
* * * LOW HITPOINT WARNING * * *
You feel sick.
You see here a scroll of fear.
Menkaure, Prince of Dust comes into view.
* * * LOW HITPOINT WARNING * * *
You feel sick.
Menkaure shouts!
You hear an angry hiss.
* * * LOW HITPOINT WARNING * * *
You feel sick.
You see here a scroll of fear.
* * * LOW HITPOINT WARNING * * *
You feel sick.
You die...

# #############
#####...........#
......#########.#
#####.# #.# # #.#
#.# # #.# #.# # #
#.# #†# #.# . #.#
###.##### .M # #..
#...@.?.#.##.## .>
..............[...
#.##......#.(......
#..........##...
##.....##..# ##
#.....# ....
#.#.#.. .....
#...... ...## ..
#.#.


There were no monsters in sight!

Vanquished Creatures
  Grinder (D:4)
  Edmund (D:4)
  A water moccasin (D:5)
  2 ogres (D:4)
  A scorpion (D:4)
  A wight (D:3)
  A hound (D:4)
  An orc wizard (D:4)
  Ijyb (D:4)
  2 iguanas (D:4)
  Natasha (thrice) (D:2)
  A hound skeleton (D:4)
  7 adders
  2 worms
  A dart slug (D:1)
  3 leopard geckos
  3 orcs
  A ball python (D:2)
  5 bats
  2 giant cockroaches (D:4)
  8 goblins
  6 hobgoblins
  7 jackals (D:4)
  2 kobolds
  A quokka (D:3)
  5 frilled lizards
  A jackal skeleton (D:4)
  5 rats
75 creatures vanquished.

Notes
Turn   | Place    | Note
-------+----------+-------------------------------------------
     0 | D:1      | 2tc the Hill Orc Monk began the quest for the Orb.
     0 | D:1      | Reached XP level 1. HP: 19/19 MP: 1/1
   617 | D:1      | Reached XP level 2. HP: 26/26 MP: 2/2
   890 | D:2      | Reached skill level 5 in Axes
  1065 | D:2      | Reached XP level 3. HP: 26/31 MP: 3/3
  1194 | D:2      | Noticed Natasha
  1209 | D:2      | Killed Natasha
  1210 | D:2      | Reached skill level 6 in Axes
  1486 | D:2      | Reached XP level 4. HP: 21/39 MP: 4/4
  1629 | D:2      | Found a basalt altar of Yredelemnul.
  1647 | D:2      | Noticed Natasha
  1661 | D:2      | Killed Natasha
  1834 | D:2      | Reached skill level 7 in Axes
  2004 | D:2      | Noticed Natasha
  2011 | D:2      | Killed Natasha
  2012 | D:2      | Reached XP level 5. HP: 22/45 MP: 5/5
  2589 | D:3      | Found an ornate altar of the Wu Jian Council.
  2678 | D:3      | Found a runed translucent door.
  2681 | D:3      | Noticed Crazy Yiuf
  2901 | D:3      | Reached skill level 8 in Axes
  3160 | D:4      | Reached XP level 6. HP: 48/51 MP: 6/6
  3221 | D:4      | Reached skill level 9 in Axes
  3552 | D:4      | Found a hide-covered altar of Uskayaw.
  3601 | D:4      | Noticed Ijyb
  3614 | D:4      | Killed Ijyb
  3645 | D:4      | Found a shadowy altar of Dithmenos.
  3674 | D:4      | Reached skill level 10 in Axes
  3674 | D:4      | Reached XP level 7. HP: 48/57 MP: 7/7
  3678 | D:4      | Noticed Edmund
  3711 | D:4      | Killed Edmund
  3714 | D:4      | Gained mutation: Your spells are a little harder to cast,
                  | but a little more powerful. [potion of mutation]
  3714 | D:4      | Gained mutation: You are frail. (-10% HP) [potion of
                  | mutation]
  3714 | D:4      | Gained mutation: Your flesh is cold resistant. (rC+)
                  | [potion of mutation]
  3719 | D:4      | Reached skill level 11 in Axes
  4223 | D:4      | Noticed Grinder
  4258 | D:4      | Killed Grinder
  4259 | D:4      | Reached skill level 12 in Axes
  4259 | D:4      | Reached XP level 8. HP: 15/57 MP: 8/8
  4709 | D:5      | Entered Level 5 of the Dungeon
  4765 | D:5      | Noticed Menkaure
  4766 | D:5      | HP: 2/57 [poisoned by a water moccasin]
  4768 | D:5      | Succumbed to a water moccasin's poison

Illustrated notes

Levels and vault maps discovered:
D:1:      shiori_arrival_oz, layout_loops_ring, minmay_misc_feat_nine_boxes,
          chequers_jeans
D:2:      layout_basic, yredelemnul_altar_generic, uniq_natasha
D:3:      layout_rooms, lemuel_doored_altar, tso_altar, uniq_crazy_yiuf_cottage
D:4:      layout_cave_pools, nicolae_overflow_crystal_walls,
          kennysheep_little_box, uniq_edmund, uniq_grinder, uniq_ijyb
D:5:      layout_loops_ring, nicolae_ru_path_of_blood, elyvilon_altar_4,
          minmay_temple_entry_mini_moons, roderic_lattice_a,
          uniq_prince_ribbit1, uniq_menkaure, uniq_duvessa

Skill      XL: |  1  2  3  4  5  6  7 |
---------------+----------------------+-----
Axes           | 5 6 7 8 10 12 | 12.4
Fighting       | |  3.6
Dodging        | |  2.4
Stealth        | |  1.5

Action                   |  1- 3 |  4- 6 |  7- 9 || total
-------------------------+-------+-------+-------++-------
Melee: Hand axe          |    74 |   142 |    76 ||   292
Throw: Stone             |       |     5 |     1 ||     6
  Use: Scroll            |     6 |     5 |       ||    11
       Potion            |     1 |     3 |     5 ||     9
 Stab: Sleeping          |     2 |       |       ||     2
Armor: Ring mail         |     9 |       |       ||     9
       Leather armour    |     3 |    26 |     4 ||    33
       Skin              |       |       |     6 ||     6
Dodge: Dodged            |    28 |    63 |    30 ||   121
Block: Other             |       |       |     2 ||     2

Table legend: (Time is in decaauts)
 A = Elapsed time spent in this place.
 B = Non-inter-level travel time spent in this place.
 C = Inter-level travel time spent in this place.
 D = Time resting spent in this place.
 E = Time spent auto-exploring this place.
 F = Levels seen in this place.
 G = Mean time per level.
                   A        B        C        D        E       F      G
               +--------+--------+--------+--------+--------+-----+--------+
         Total |   4735 |   4627 |    108 |   2072 |   1800 |   5 |  947.0 |
       Dungeon |   4735 |   4627 |    108 |   2072 |   1800 |   5 |  947.0 |
               +--------+--------+--------+--------+--------+-----+--------+

Top non-repeatable levels by time:
     D:4: 1704 daAuts
     D:2: 1555 daAuts
     D:1: 863 daAuts
     D:3: 558 daAuts
     D:5: 53 daAuts
